[Event "EYCC Girls-U18 2019"]
[Site "Bratislava"]
[Date "2019.08.10"]
[Round "9.1"]
[White "Badelka, Olga"]
[Black "Goltseva, Ekaterina"]
[Result "1/2-1/2"]
[ECO "A05"]
[WhiteElo "2386"]
[BlackElo "2304"]
[Annotator "NA"]
[PlyCount "149"]
[EventDate "2019.08.02"]
[EventType "swiss"]
[EventCountry "SVK"]
[SourceTitle "playchess.com"]
[Source "ChessBase"]
[SourceQuality "1"]
[TimeControl "40/5400+30:1800+30"]

1. Nf3 Nf6 2. c4 e6 3. g3 d5 4. Bg2 c5 5. cxd5 Nxd5 6. d4 cxd4 7. O-O Be7 8. Nxd4 O-O 9. e4 Nb4 10. Nc3 N8c6 11. Nxc6 bxc6 12. Qa4 Qc7 13. Rd1 a5 14. a3 Na6 15. e5 Bb7 16. Ne4 Rfd8 17. Bf4 Qb6 18. Nd6 Nc5 19. Qd4 Bxd6 20. exd6 Nd7 21. Qc3 c5 22. f3 Bd5 23. Rac1 a4 24. Rd2 Qb7 25. Be3 Rdc8 26. f4 Ra6 27. Qc2 Qa8 28. Qd1 Rxd6 29. Rc4 Nf6 30. Qxa4 Ra6 31. Qd1 Rac6 32. Rc1 h6 33. Qc2 Qb7 34. Rcd1 Qb5 35. f5 R6c7 36. fxe6 fxe6 37. Qg6 Qe8 38. Qxe8+ Rxe8 39. Rc1 Rec8 40. Rdc2 Bxg2 41. Kxg2 Nd5 42. Bd2 Rb8 43. a4 Rcb7 44. Rxc5 Rxb2 45. R1c2 Kf7 46. a5 Ke7 47. Kf3 R2b3+ 48. Ke2 Ra3 49. Rc8 Rb1 50. Rc1 Rb2 51. R8c2 Rb8 52. Rf1 Rb7 53. Rf3 Ra1 54. h4 Rbb1 55. Rc8 Rb2 56. Rg8 Rxa5 57. Rxg7+ Kd6 58. Rd3 Ra1 59. Kf3 Ke5 60. Bc3+ Nxc3 61. Rxc3 Rf1+ 62. Kg4 Rb4+ 63. Kh5 Kd4 64. Rcc7 e5 65. Rcd7+ Kc3 66. Kxh6 e4 67. Rge7 Rg1 68. h5 Rxg3 69. Kh7 e3 70. h6 Rb6 71. Rg7 Rh3 72. Rg6 Rxg6 73. Kxg6 e2 74. Re7 Kd2 75. Rxe2+ 1/2-1/2

[Event "EYCC Girls-U18 2019"]
[Site "Bratislava"]
[Date "2019.08.10"]
[Round "9.2"]
[White "Sliwicka, Alicja"]
[Black "Grigorieva, Yulia"]
[Result "1-0"]
[ECO "B19"]
[WhiteElo "2261"]
[BlackElo "2096"]
[Annotator "NA"]
[PlyCount "79"]
[EventDate "2019.08.02"]
[EventType "swiss"]
[EventCountry "SVK"]
[SourceTitle "playchess.com"]
[Source "ChessBase"]
[SourceQuality "1"]
[TimeControl "40/5400+30:1800+30"]

1. e4 c6 2. d4 d5 3. Nc3 dxe4 4. Nxe4 Bf5 5. Ng3 Bg6 6. h4 h6 7. Nf3 Nd7 8. h5 Bh7 9. Bd3 Bxd3 10. Qxd3 e6 11. Bd2 Ngf6 12. O-O-O Be7 13. Kb1 O-O 14. Ne4 Nxe4 15. Qxe4 Nf6 16. Qe2 Qd5 17. Rhg1 Qb5 18. Qxb5 cxb5 19. g4 Ne4 20. Be3 Rfd8 21. Ne5 Rac8 22. f4 Nf6 23. Rg2 Nd5 24. Bc1 Bd6 25. Rdg1 Ne7 26. f5 Bxe5 27. dxe5 Kh7 28. Rf2 Nd5 29. g5 hxg5 30. Bxg5 f6 31. Bc1 fxe5 32. fxe6 Rf8 33. Rfg2 Rc7 34. h6 gxh6 35. Bxh6 Rf6 36. Bf8 Kh8 37. e7 Rxe7 38. Bxe7 Rf7 39. Bd6 Nf6 40. Bxe5 1-0

[Event "EYCC Girls-U18 2019"]
[Site "Bratislava"]
[Date "2019.08.10"]
[Round "9.3"]
[White "Schneider, Jana"]
[Black "Muetsch, Annmarie"]
[Result "1/2-1/2"]
[ECO "B32"]
[WhiteElo "2216"]
[BlackElo "2266"]
[Annotator "NA"]
[PlyCount "82"]
[EventDate "2019.08.02"]
[EventType "swiss"]
[EventCountry "SVK"]
[SourceTitle "playchess.com"]
[Source "ChessBase"]
[SourceQuality "1"]
[TimeControl "40/5400+30:1800+30"]

1. e4 c5 2. Nf3 Nc6 3. d4 cxd4 4. Nxd4 e5 5. Nb5 d6 6. c4 Be7 7. N1c3 a6 8. Na3 f5 9. exf5 Bxf5 10. Bd3 Be6 11. Nc2 Nf6 12. O-O O-O 13. Ne3 Nd4 14. Ncd5 Nxd5 15. Nxd5 Bxd5 16. cxd5 g6 17. Qg4 Qc8 18. Qxc8 Raxc8 19. Bd2 Rc5 20. Bb4 Rc7 21. Ba5 Rc5 22. Bb4 Rc7 23. Rac1 Rfc8 24. Rxc7 Rxc7 25. f4 e4 26. Bb1 Ne2+ 27. Kh1 Nxf4 28. Bxe4 Rc4 29. Bd2 Rxe4 30. Rxf4 Re5 31. Rd4 Re2 32. Rd3 Bg5 33. Bc3 Bf6 34. Kg1 Bxc3 35. Rxc3 Rxb2 36. a4 Kf7 37. Rc7+ Kf6 38. Rxh7 b5 39. Ra7 bxa4 40. Rxa6 Ke5 41. Rxa4 Rd2 1/2-1/2

[Event "EYCC Girls-U18 2019"]
[Site "Bratislava"]
[Date "2019.08.10"]
[Round "9.4"]
[White "Kochukova, Anna"]
[Black "Sargsyan, Anna M."]
[Result "0-1"]
[ECO "B17"]
[WhiteElo "2148"]
[BlackElo "2229"]
[Annotator "NA"]
[PlyCount "82"]
[EventDate "2019.08.02"]
[EventType "swiss"]
[EventCountry "SVK"]
[SourceTitle "playchess.com"]
[Source "ChessBase"]
[SourceQuality "1"]
[TimeControl "40/5400+30:1800+30"]

1. e4 c6 2. d4 d5 3. Nd2 dxe4 4. Nxe4 Nd7 5. Ng5 Ngf6 6. Bd3 e6 7. N1f3 Bd6 8. Qe2 h6 9. Ne4 Nxe4 10. Qxe4 Nf6 11. Qe2 Qc7 12. Bd2 b6 13. O-O-O Bb7 14. Kb1 O-O-O 15. c4 Kb8 16. Bc3 Ka8 17. Ne5 c5 18. dxc5 Bxc5 19. Bc2 h5 20. f4 Rc8 21. Rd2 b5 22. cxb5 Nd5 23. Be4 f6 24. Bxd5 exd5 25. Nc6 Qxf4 26. Rxd5 Bb6 27. Bd2 Qc7 28. Rxh5 Rhe8 29. Qf3 Qf7 30. Rc1 g5 31. Rh6 Qd7 32. Bc3 g4 33. Qxf6 Be3 34. Rh1 Qd3+ 35. Ka1 Rf8 36. Qxf8 Rxf8 37. Rh8 Rxh8 38. Bxh8 Qxb5 39. Nd8 Bxg2 40. Rd1 Qe2 41. Rb1 Be4 0-1

[Event "EYCC Girls-U18 2019"]
[Site "Bratislava"]
[Date "2019.08.10"]
[Round "9.5"]
[White "Palma, Maria"]
[Black "Radeva, Viktoria"]
[Result "0-1"]
[ECO "A13"]
[WhiteElo "2137"]
[BlackElo "2247"]
[Annotator "NA"]
[PlyCount "104"]
[EventDate "2019.08.02"]
[EventType "swiss"]
[EventCountry "SVK"]
[SourceTitle "playchess.com"]
[Source "ChessBase"]
[SourceQuality "1"]
[TimeControl "40/5400+30:1800+30"]

1. c4 e6 2. Nf3 d5 3. g3 Nf6 4. Bg2 d4 5. O-O c5 6. b4 cxb4 7. a3 bxa3 8. d3 Nc6 9. Qb3 Be7 10. Bxa3 O-O 11. Bxe7 Qxe7 12. Na3 e5 13. Nd2 Nd7 14. Rfb1 Nc5 15. Qc2 Bf5 16. Nb3 Na6 17. Rb2 Nab4 18. Qb1 Rab8 19. Nc2 Nxc2 20. Qxc2 Rfe8 21. Nd2 Bg4 22. Qb1 Qc7 23. Kf1 b6 24. Qc2 a5 25. Nb1 Nb4 26. Qd2 Bd7 27. Na3 Ba4 28. Kg1 Rec8 29. Bh3 Rd8 30. Bg2 Qc5 31. h4 Rdc8 32. Kh2 f5 33. Qg5 Rf8 34. h5 h6 35. Qd2 Qe7 36. Kg1 Rbd8 37. f3 Qe8 38. Nb1 Bc6 39. c5 e4 40. cxb6 e3 41. Qd1 Ra8 42. Na3 f4 43. g4 Bd5 44. Nc4 Qb5 45. b7 Bxb7 46. Rxa5 Rxa5 47. Nxa5 Qxa5 48. Qb1 Nd5 49. Rxb7 Nc3 50. Qb3+ Kh8 51. Bf1 Nxe2+ 52. Bxe2 Qe1+ 0-1

[Event "EYCC Girls-U18 2019"]
[Site "Bratislava"]
[Date "2019.08.10"]
[Round "9.6"]
[White "Afonasieva, Anna"]
[Black "Kucharska, Honorata"]
[Result "1-0"]
[ECO "A43"]
[WhiteElo "2370"]
[BlackElo "2054"]
[Annotator "NA"]
[PlyCount "213"]
[EventDate "2019.08.02"]
[EventType "swiss"]
[EventCountry "SVK"]
[SourceTitle "playchess.com"]
[Source "ChessBase"]
[SourceQuality "1"]
[TimeControl "40/5400+30:1800+30"]

1. d4 Nf6 2. Nf3 c5 3. d5 e6 4. Nc3 exd5 5. Nxd5 Nxd5 6. Qxd5 d6 7. e4 Be7 8. Bc4 O-O 9. O-O Nc6 10. Qh5 Be6 11. Bxe6 fxe6 12. Bg5 Nd4 13. Bxe7 Nxf3+ 14. Qxf3 Qxe7 15. Qb3 Rad8 16. Rad1 Qf7 17. c4 e5 18. Rd5 b6 19. f3 h5 20. Qd3 Qe7 21. f4 exf4 22. Rxh5 g6 23. Rd5 Kg7 24. Rd1 Rde8 25. Re1 Rf6 26. Qc3 Kg8 27. Qf3 Re6 28. Qg4 Qf6 29. Rf5 Qd4+ 30. Kh1 Rxe4 31. Qxg6+ Qg7 32. Qxe8+ Rxe8 33. Rxe8+ Kh7 34. Rxf4 Qxb2 35. g3 Qxa2 36. Re7+ Kg8 37. Ref7 Qa1+ 38. Kg2 Qb2+ 39. Rf2 Qe5 40. R7f5 Qe4+ 41. Kh3 Kg7 42. R2f4 Qe6 43. g4 a5 44. Kh4 a4 45. Rf3 Qe1+ 46. Kg5 Qe7+ 47. Kf4 Qe1 48. Rg5+ Kf6 49. Rd5 a3 50. Rxd6+ Ke7 51. Rdd3 Kf6 52. Rde3 Qc1 53. Kg3+ Kg6 54. Rxa3 Qxc4 55. Rad3 Qe6 56. Rfe3 Qc6 57. Re7 c4 58. Rdd7 Qf6 59. h4 Qc3+ 60. Kf4 Qc1+ 61. Ke4 Qh1+ 62. Ke5 Qh2+ 63. Kd4 Qxh4 64. Re6+ Kg5 65. Rd5+ Kf4 66. Re4+ Kg3 67. Kxc4 Qh1 68. Rd3+ Kh4 69. Rdd4 Qc1+ 70. Kd5 Qc5+ 71. Ke6 Qc6+ 72. Ke5 Qc5+ 73. Rd5 Qe7+ 74. Kd4 Qb4+ 75. Ke3 Qc3+ 76. Kf4 Qf6+ 77. Ke3 Qc3+ 78. Rd3 Qc1+ 79. Rd2 Qe1+ 80. Kd3 Qb1+ 81. Kd4 Qb4+ 82. Ke3 Qc5+ 83. Ke2 Qb5+ 84. Kf2 Qc5+ 85. Kf1 Qc1+ 86. Ke2 Qc6 87. Red4 Qe6+ 88. Kf2 Qf6+ 89. Kg2 Qc6+ 90. Rd5 b5 91. R2d4 Qc2+ 92. Kf3 Qc3+ 93. Kf4 Qc7+ 94. Rd6 Qc1+ 95. Kf5 Qg5+ 96. Ke6 Kg3 97. Kf7 Kh4 98. R6d5 Qc1 99. g5+ Kh3 100. g6 Qf1+ 101. Kg8 Qf6 102. Kh7 b4 103. g7 Qf7 104. Kh8 Qf6 105. Rd6 Qe5 106. R4d5 Qa1 107. Rd4 1-0

[Event "EYCC Girls-U18 2019"]
[Site "Bratislava"]
[Date "2019.08.10"]
[Round "9.7"]
[White "Beydullayeva, Govhar"]
[Black "Gajcin, Marina"]
[Result "0-1"]
[ECO "D02"]
[WhiteElo "2282"]
[BlackElo "2267"]
[Annotator "NA"]
[PlyCount "122"]
[EventDate "2019.08.02"]
[EventType "swiss"]
[EventCountry "SVK"]
[SourceTitle "playchess.com"]
[Source "ChessBase"]
[SourceQuality "1"]
[TimeControl "40/5400+30:1800+30"]

1. Nf3 d5 2. d4 Nf6 3. c4 g6 4. cxd5 Nxd5 5. e4 Nb6 6. h3 Bg7 7. Nc3 O-O 8. Be3 Nc6 9. d5 Ne5 10. Nxe5 Bxe5 11. Bh6 Re8 12. Bb5 Bd7 13. Bxd7 Qxd7 14. f4 Bxc3+ 15. bxc3 Qb5 16. Qd4 f6 17. f5 c6 18. a4 Qc4 19. dxc6 bxc6 20. Be3 Red8 21. Qxc4+ Nxc4 22. Ke2 gxf5 23. Rhd1 fxe4 24. Rxd8+ Rxd8 25. Bxa7 Kf7 26. a5 Ra8 27. Ra4 Nb2 28. Rxe4 Rxa7 29. Rb4 Rxa5 30. Rxb2 Rg5 31. Kf3 h5 32. g3 Ke6 33. Rd2 Rc5 34. Rd3 Kf5 35. Ke2 e5 36. Rf3+ Ke6 37. g4 hxg4 38. hxg4 Rc4 39. Rg3 c5 40. Kd3 Rf4 41. Rg1 Kd5 42. Ke3 Ra4 43. g5 fxg5 44. Rxg5 Rh4 45. Kd3 Rh3+ 46. Kd2 Rf3 47. Rg8 Kc4 48. Rg4+ Rf4 49. Rg5 e4 50. Re5 Rh4 51. Ke2 Rh2+ 52. Kd1 Rh3 53. Rxe4+ Kd3 54. Re1 c4 55. Kc1 Kxc3 56. Rg1 Kb3 57. Rg8 Rh1+ 58. Kd2 c3+ 59. Kd3 Rd1+ 60. Ke2 c2 61. Rb8+ Ka4 0-1

[Event "EYCC Girls-U18 2019"]
[Site "Bratislava"]
[Date "2019.08.10"]
[Round "9.8"]
[White "Antova, Gabriela"]
[Black "Poliakova, Varvara"]
[Result "1-0"]
[ECO "A86"]
[WhiteElo "2257"]
[BlackElo "1872"]
[Annotator "NA"]
[PlyCount "71"]
[EventDate "2019.08.02"]
[EventType "swiss"]
[EventCountry "SVK"]
[SourceTitle "playchess.com"]
[Source "ChessBase"]
[SourceQuality "1"]
[TimeControl "40/5400+30:1800+30"]

1. d4 f5 2. c4 Nf6 3. g3 g6 4. Bg2 Bg7 5. Nh3 d6 6. d5 c6 7. Nc3 O-O 8. O-O e5 9. dxe6 Bxe6 10. Qb3 Qc7 11. Ng5 Bf7 12. Rd1 Nbd7 13. Nxf7 Rxf7 14. Qa3 Ne5 15. b3 Nfg4 16. Bd2 Raf8 17. Qxa7 Qe7 18. f4 Nd7 19. h3 Nc5 20. hxg4 Bd4+ 21. Kh2 Nxb3 22. Qa3 Nxa1 23. Rxa1 fxg4 24. e3 Bc5 25. Qb3 g5 26. Ne4 gxf4 27. exf4 Rf5 28. Nxc5 Rxc5 29. Re1 Qf7 30. Bb4 Rh5+ 31. Kg1 Qc7 32. Bxd6 Qa5 33. c5+ Rf7 34. Re8+ Kg7 35. Be5+ Rxe5 36. Rxe5 1-0

[Event "EYCC Girls-U18 2019"]
[Site "Bratislava"]
[Date "2019.08.10"]
[Round "9.9"]
[White "Grigoryan, Arpine"]
[Black "Hryshchenko, Kamila"]
[Result "1/2-1/2"]
[ECO "B09"]
[WhiteElo "1996"]
[BlackElo "2060"]
[Annotator "NA"]
[PlyCount "80"]
[EventDate "2019.08.02"]
[EventType "swiss"]
[EventCountry "SVK"]
[SourceTitle "playchess.com"]
[Source "ChessBase"]
[SourceQuality "1"]
[TimeControl "40/5400+30:1800+30"]

1. e4 g6 2. d4 Bg7 3. Nc3 d6 4. f4 Nf6 5. Nf3 c5 6. Bb5+ Bd7 7. Bxd7+ Nfxd7 8. d5 O-O 9. O-O Na6 10. Qe2 Nc7 11. e5 dxe5 12. fxe5 b5 13. d6 exd6 14. exd6 Ne6 15. Qxb5 Ne5 16. Be3 a6 17. Qe2 Qxd6 18. Rad1 Nxf3+ 19. Qxf3 Nd4 20. Qf2 Qe6 21. Na4 Rae8 22. Rd3 Qc4 23. Nb6 Qb5 24. Nd5 Qc4 25. Nf6+ Bxf6 26. Qxf6 Re6 27. Qf2 Rc6 28. b3 Qxc2 29. Rd2 Qf5 30. Bxd4 cxd4 31. Qxf5 gxf5 32. Rxf5 Re8 33. Rxd4 Rc2 34. Rg4+ Kf8 35. Rgf4 Re1+ 36. Rf1 Rxf1+ 37. Rxf1 Rxa2 38. h4 Kg7 39. Kh2 a5 40. Kg3 a4 1/2-1/2

[Event "EYCC Girls-U18 2019"]
[Site "Bratislava"]
[Date "2019.08.10"]
[Round "9.10"]
[White "Swiech, Joanna"]
[Black "Kulpa, Zuzanna"]
[Result "1-0"]
[ECO "E32"]
[WhiteElo "2025"]
[BlackElo "1802"]
[Annotator "NA"]
[PlyCount "69"]
[EventDate "2019.08.02"]
[EventType "swiss"]
[EventCountry "SVK"]
[SourceTitle "playchess.com"]
[Source "ChessBase"]
[SourceQuality "1"]
[TimeControl "40/5400+30:1800+30"]

1. d4 Nf6 2. c4 e6 3. Nc3 Bb4 4. Qc2 O-O 5. Bg5 h6 6. Bh4 d6 7. e3 b6 8. Bd3 Bb7 9. f3 Nbd7 10. Nge2 Qe7 11. O-O Bxc3 12. bxc3 e5 13. e4 Rfe8 14. Qd2 Nf8 15. Ng3 Bc8 16. Nh5 N8h7 17. f4 exd4 18. e5 dxe5 19. Bxh7+ Kxh7 20. fxe5 Ne4 21. Qe2 Qxh4 22. Rf4 Qg5 23. Qxe4+ Kg8 24. Qxa8 Qxh5 25. cxd4 c5 26. Qc6 Rf8 27. Qf3 Qxf3 28. gxf3 f5 29. exf6 g5 30. Re4 Bf5 31. Re5 Rxf6 32. dxc5 bxc5 33. Rxc5 Bh3 34. Rc7 a6 35. Rd1 1-0

[Event "EYCC Girls-U18 2019"]
[Site "Bratislava"]
[Date "2019.08.10"]
[Round "9.11"]
[White "Redondo Benavente, Ana"]
[Black "Nazarova, Anastasia"]
[Result "1-0"]
[ECO "B24"]
[WhiteElo "2176"]
[BlackElo "2149"]
[Annotator "NA"]
[PlyCount "57"]
[EventDate "2019.08.02"]
[EventType "swiss"]
[EventCountry "SVK"]
[SourceTitle "playchess.com"]
[Source "ChessBase"]
[SourceQuality "1"]
[TimeControl "40/5400+30:1800+30"]

1. e4 c5 2. Nc3 Nc6 3. Bb5 Nd4 4. Nf3 g6 5. Ba4 Bg7 6. O-O Qa5 7. Rb1 Rb8 8. Nxd4 cxd4 9. b4 Qa6 10. Bb5 Qe6 11. Nd5 Qxe4 12. Bc4 d6 13. Re1 Qf5 14. d3 Kf8 15. Re4 e5 16. b5 Qd7 17. Ba3 Ne7 18. b6 a6 19. f4 Nxd5 20. Bxd5 Qe7 21. Qe1 f6 22. fxe5 fxe5 23. Qb4 Bf5 24. Qxd6 Re8 25. Qc7 Bxe4 26. Bxe7+ Rxe7 27. Qd8+ Re8 28. Qd6+ Re7 29. dxe4 1-0

[Event "EYCC Girls-U18 2019"]
[Site "Bratislava"]
[Date "2019.08.10"]
[Round "9.12"]
[White "Ziegenfuss, Antonia"]
[Black "Cramling Bellon, Anna"]
[Result "0-1"]
[ECO "E20"]
[WhiteElo "2063"]
[BlackElo "2030"]
[Annotator "NA"]
[PlyCount "66"]
[EventDate "2019.08.02"]
[EventType "swiss"]
[EventCountry "SVK"]
[SourceTitle "playchess.com"]
[Source "ChessBase"]
[SourceQuality "1"]
[TimeControl "40/5400+30:1800+30"]

1. d4 Nf6 2. c4 e6 3. Nc3 Bb4 4. f3 c5 5. d5 b5 6. e4 bxc4 7. Bxc4 Ba6 8. Bxa6 Nxa6 9. Nge2 O-O 10. O-O c4 11. Bg5 Be7 12. Bxf6 Bxf6 13. f4 d6 14. Kh1 Nc5 15. dxe6 fxe6 16. f5 Be5 17. fxe6 Rxf1+ 18. Qxf1 Nxe6 19. Qf5 Qd7 20. Rd1 Rf8 21. Qh3 Qf7 22. g3 Nc5 23. Qg2 Nd3 24. Rb1 Qf2 25. Qxf2 Rxf2 26. Kg1 Bxc3 27. Nxc3 Rc2 28. Nb5 Ne5 29. Rf1 Rxb2 30. Nxd6 c3 31. Nf5 h6 32. Ne3 c2 33. a4 Nf3+ 0-1

[Event "EYCC Girls-U18 2019"]
[Site "Bratislava"]
[Date "2019.08.10"]
[Round "9.13"]
[White "Nilssen, Ellen Fredericia"]
[Black "Nastase, Andreea-Cristina"]
[Result "1-0"]
[ECO "D37"]
[WhiteElo "2155"]
[BlackElo "1948"]
[Annotator "NA"]
[PlyCount "39"]
[EventDate "2019.08.02"]
[EventType "swiss"]
[EventCountry "SVK"]
[SourceTitle "playchess.com"]
[Source "ChessBase"]
[SourceQuality "1"]
[TimeControl "40/5400+30:1800+30"]

1. d4 Nf6 2. c4 e6 3. Nf3 d5 4. Nc3 a6 5. cxd5 exd5 6. Bg5 c6 7. Qc2 Bd6 8. Bxf6 gxf6 9. e3 Be6 10. Bd3 Rg8 11. O-O-O h5 12. e4 Qc7 13. Rde1 Nd7 14. exd5 cxd5 15. Bf5 Bf4+ 16. Kb1 Qd6 17. g3 Bg5 18. h4 Bh6 19. Bxe6 fxe6 20. Qh7 1-0

[Event "EYCC Girls-U18 2019"]
[Site "Bratislava"]
[Date "2019.08.10"]
[Round "9.14"]
[White "Koridze, Lile"]
[Black "Rudzinska, Michalina"]
[Result "1-0"]
[ECO "A61"]
[WhiteElo "1950"]
[BlackElo "2143"]
[Annotator "NA"]
[PlyCount "85"]
[EventDate "2019.08.02"]
[EventType "swiss"]
[EventCountry "SVK"]
[SourceTitle "playchess.com"]
[Source "ChessBase"]
[SourceQuality "1"]
[TimeControl "40/5400+30:1800+30"]

1. d4 Nf6 2. c4 e6 3. Nf3 c5 4. d5 exd5 5. cxd5 d6 6. Nc3 g6 7. Nd2 Bg7 8. Nc4 O-O 9. Bg5 Qe7 10. e3 h6 11. Bf4 Ne8 12. Nb5 g5 13. Bxd6 Nxd6 14. Nbxd6 Bxb2 15. Nxb2 Qxd6 16. Nc4 Qf6 17. Rc1 Rd8 18. Bd3 b5 19. Nd2 c4 20. Bb1 Bb7 21. e4 Nd7 22. O-O Ne5 23. Qe2 Ng6 24. g3 Bc8 25. Qe3 Bh3 26. Nf3 g4 27. Nd4 Bxf1 28. Rxf1 Ne5 29. Nf5 Kh7 30. Kg2 Qg5 31. Qc3 Re8 32. Rh1 a5 33. h3 b4 34. Qd4 h5 35. hxg4 Qxg4 36. Qe3 Qg6 37. Qe2 Ng4 38. Qxc4 Kg8 39. d6 Qe6 40. Qd4 Qe5 41. Qd2 Re6 42. Rxh5 Kf8 43. Qd5 1-0

[Event "EYCC Girls-U18 2019"]
[Site "Bratislava"]
[Date "2019.08.10"]
[Round "9.15"]
[White "Sibajeva, Marija"]
[Black "Represa Perez, Mireya"]
[Result "0-1"]
[ECO "B90"]
[WhiteElo "2031"]
[BlackElo "2017"]
[Annotator "NA"]
[PlyCount "68"]
[EventDate "2019.08.02"]
[EventType "swiss"]
[EventCountry "SVK"]
[SourceTitle "playchess.com"]
[Source "ChessBase"]
[SourceQuality "1"]
[TimeControl "40/5400+30:1800+30"]

1. e4 c5 2. Nf3 d6 3. d4 Nf6 4. Nc3 cxd4 5. Nxd4 a6 6. h3 e5 7. Nb3 Be7 8. Bg5 Be6 9. Qd3 Nc6 10. Bxf6 Bxf6 11. O-O-O Be7 12. Nd5 Bg5+ 13. Kb1 Rc8 14. c3 O-O 15. g4 Bh4 16. Rh2 a5 17. Qb5 Ra8 18. Qxb7 Ne7 19. Nxe7+ Bxe7 20. Nd2 Rb8 21. Qc6 Rb6 22. Qa4 Qb8 23. Qc2 Rc8 24. Ka1 a4 25. c4 Qa7 26. Qc3 Rcb8 27. Rb1 Bg5 28. f3 Rb4 29. a3 R4b7 30. Re2 Qc5 31. Ree1 Bh4 32. Re2 Bf2 33. Qc2 Bd4 34. Qxa4 Ra7 0-1

[Event "EYCC Girls-U18 2019"]
[Site "Bratislava"]
[Date "2019.08.10"]
[Round "9.16"]
[White "Kostecka, Marika"]
[Black "Urh, Zala"]
[Result "0-1"]
[ECO "C89"]
[WhiteElo "1924"]
[BlackElo "2072"]
[Annotator "NA"]
[PlyCount "130"]
[EventDate "2019.08.02"]
[EventType "swiss"]
[EventCountry "SVK"]
[SourceTitle "playchess.com"]
[Source "ChessBase"]
[SourceQuality "1"]
[TimeControl "40/5400+30:1800+30"]

1. e4 e5 2. Nf3 Nc6 3. Bb5 a6 4. Ba4 Nf6 5. O-O Be7 6. Re1 b5 7. Bb3 O-O 8. c3 d5 9. d4 dxe4 10. Nxe5 Bb7 11. Bf4 Nd5 12. Rxe4 Nxf4 13. Nxf7 Nh3+ 14. gxh3 Rxf7 15. Rf4 Bf6 16. Qh5 Qe7 17. Qxf7+ Qxf7 18. Bxf7+ Kxf7 19. Nd2 Ne7 20. Re1 g5 21. Rg4 Nf5 22. f3 Nh4 23. Rg3 Rd8 24. Ne4 Be7 25. Kf2 h6 26. Rg4 Bc8 27. Rg3 Ng6 28. Ke3 Nf4 29. h4 Nd5+ 30. Kd2 gxh4 31. Rg2 h3 32. Rgg1 Nf4 33. Ng3 c5 34. Re4 Bg5 35. Ne2 Nxe2+ 36. Kxe2 Bb7 37. Re5 cxd4 38. Rd1 dxc3 39. Rxd8 Bxd8 40. bxc3 Bc7 41. Rh5 Bxh2 42. Rxh3 Bf4 43. Rh4 Bg5 44. Rg4 Bd5 45. a4 Bc4+ 46. Ke1 Bf6 47. Kd2 h5 48. Re4 h4 49. axb5 axb5 50. Rg4 h3 51. Rg1 h2 52. Rh1 Be5 53. Ke3 Bg3 54. Ke4 Ke6 55. Rd1 Bf2 56. Ra1 Ke7 57. Rh1 Bg1 58. Kf4 Kf6 59. Kg4 Bf1 60. Kg3 Kf5 61. Rxh2 Bxh2+ 62. Kxh2 Kf4 63. Kg1 Be2 64. Kf2 Bxf3 65. Ke1 Ke5 0-1

[Event "EYCC Girls-U18 2019"]
[Site "Bratislava"]
[Date "2019.08.10"]
[Round "9.17"]
[White "Verbin, Valentina"]
[Black "Nestorovic, Katarina"]
[Result "1-0"]
[ECO "B85"]
[WhiteElo "1958"]
[BlackElo "2179"]
[Annotator "NA"]
[PlyCount "73"]
[EventDate "2019.08.02"]
[EventType "swiss"]
[EventCountry "SVK"]
[SourceTitle "playchess.com"]
[Source "ChessBase"]
[SourceQuality "1"]
[TimeControl "40/5400+30:1800+30"]

1. e4 c5 2. Nf3 e6 3. d4 cxd4 4. Nxd4 Nf6 5. Nc3 d6 6. Be2 a6 7. O-O Qc7 8. f4 b5 9. Bf3 Bb7 10. e5 dxe5 11. fxe5 Nfd7 12. Bxb7 Qxb7 13. Qh5 g6 14. Qf3 Qxf3 15. Nxf3 Nc6 16. Bf4 Bg7 17. Rfe1 b4 18. Na4 Rb8 19. Rad1 Rb5 20. c4 bxc3 21. Nxc3 Rxb2 22. Ne4 h6 23. Nd6+ Ke7 24. Nxf7 Rf8 25. Bc1 Rxa2 26. Nxh6 Bxh6 27. Bxh6 Rc8 28. Bg5+ Ke8 29. Rd6 Nc5 30. Bf6 Nd8 31. Rc1 Ne4 32. Rcd1 Nxd6 33. exd6 Kf7 34. d7 Rxg2+ 35. Kh1 Rb8 36. Bxd8 Rxd8 37. Kxg2 1-0

[Event "EYCC Girls-U18 2019"]
[Site "Bratislava"]
[Date "2019.08.10"]
[Round "9.18"]
[White "Ferkova, Dominika"]
[Black "Belluire, Beatrice"]
[Result "1-0"]
[ECO "A58"]
[WhiteElo "2009"]
[BlackElo "1929"]
[Annotator "NA"]
[PlyCount "53"]
[EventDate "2019.08.02"]
[EventType "swiss"]
[EventCountry "SVK"]
[SourceTitle "playchess.com"]
[Source "ChessBase"]
[SourceQuality "1"]
[TimeControl "40/5400+30:1800+30"]

1. d4 Nf6 2. c4 c5 3. d5 b5 4. cxb5 a6 5. bxa6 g6 6. Nc3 Bg7 7. a7 Rxa7 8. e4 O-O 9. Nf3 d6 10. Be2 Ba6 11. O-O Qb6 12. a4 Nbd7 13. Ra3 Rb8 14. Bxa6 Rxa6 15. Qc2 c4 16. Nb5 Nc5 17. Be3 Nfxe4 18. Rb1 Rxa4 19. Rxa4 Qxb5 20. Rxc4 f5 21. b4 Qb7 22. Rc1 Nd7 23. Rc8+ Kf7 24. Rxb8 Nxb8 25. Qc8 Qxc8 26. Rxc8 Na6 27. b5 1-0

[Event "EYCC Girls-U18 2019"]
[Site "Bratislava"]
[Date "2019.08.10"]
[Round "9.19"]
[White "Golub, Nikolina"]
[Black "Ciocan, Maria-Alexandra"]
[Result "0-1"]
[ECO "A53"]
[WhiteElo "1856"]
[BlackElo "2062"]
[Annotator "NA"]
[PlyCount "138"]
[EventDate "2019.08.02"]
[EventType "swiss"]
[EventCountry "SVK"]
[SourceTitle "playchess.com"]
[Source "ChessBase"]
[SourceQuality "1"]
[TimeControl "40/5400+30:1800+30"]

1. d4 Nf6 2. c4 d6 3. Nc3 e5 4. dxe5 dxe5 5. Qxd8+ Kxd8 6. e4 Bb4 7. Bg5 Be6 8. O-O-O+ Kc8 9. Bxf6 gxf6 10. Nd5 Bc5 11. Nf3 Nd7 12. Ne3 a5 13. Be2 a4 14. a3 c6 15. Rhf1 Rg8 16. Nh4 Nb6 17. Nhf5 Bxf5 18. Nxf5 Rxg2 19. Nh6 Rxf2 20. Rxf2 Bxf2 21. Nxf7 Kc7 22. Nd6 Be3+ 23. Kc2 Rg8 24. Bf1 Bd4 25. Nf5 c5 26. h3 Rg1 27. Ne7 Kd6 28. Nf5+ Ke6 29. Rb1 Nc8 30. b3 axb3+ 31. Kxb3 Nd6 32. Nxd6 Kxd6 33. Kc2 Kc6 34. a4 Rg3 35. a5 Rf3 36. Rb6+ Kc7 37. Be2 Rxh3 38. Rxf6 h5 39. Rf7+ Kb8 40. a6 bxa6 41. Rf6 a5 42. Ra6 Rc3+ 43. Kd2 Ra3 44. Bxh5 Kb7 45. Rg6 Ra2+ 46. Kd3 a4 47. Rg7+ Ka6 48. Rg8 a3 49. Ra8+ Kb7 50. Ra4 Rh2 51. Be2 Rh3+ 52. Kc2 Rc3+ 53. Kd2 Rb3 54. Bd3 Rb2+ 55. Bc2 a2 56. Kc1 Rxc2+ 57. Kxc2 a1=Q 58. Rxa1 Bxa1 59. Kb3 Kc6 60. Kc2 Kd6 61. Kd3 Ke6 62. Ke3 Kf6 63. Kf3 Kg5 64. Kg3 Bd4 65. Kf3 Kh4 66. Ke2 Kg3 67. Kd2 Kf2 68. Kd3 Kf3 69. Kd2 Kxe4 0-1

[Event "EYCC Girls-U18 2019"]
[Site "Bratislava"]
[Date "2019.08.10"]
[Round "9.20"]
[White "Chrysogelou, Athanasia-Panagiota"]
[Black "Moscicka, Pola"]
[Result "0-1"]
[ECO "E11"]
[WhiteElo "1770"]
[BlackElo "1870"]
[Annotator "NA"]
[PlyCount "76"]
[EventDate "2019.08.02"]
[EventType "swiss"]
[EventCountry "SVK"]
[SourceTitle "playchess.com"]
[Source "ChessBase"]
[SourceQuality "1"]
[TimeControl "40/5400+30:1800+30"]

1. d4 Nf6 2. c4 e6 3. Nf3 Bb4+ 4. Nbd2 d5 5. g3 O-O 6. Bg2 b6 7. O-O Bb7 8. Qc2 Be7 9. b3 c5 10. Bb2 Nbd7 11. Rfd1 Rc8 12. dxc5 bxc5 13. cxd5 exd5 14. Nh4 Re8 15. Re1 Qb6 16. Nf5 Bf8 17. e4 g6 18. Nh4 d4 19. Nc4 Qc7 20. Bc1 Ne5 21. Bf4 Nfd7 22. Bh3 Bg7 23. Kg2 f5 24. f3 fxe4 25. fxe4 d3 26. Qc3 Rcd8 27. Rad1 Kh8 28. Bxd7 Rxd7 29. Qc1 Rd4 30. Nf3 Rxe4 31. Ncxe5 Bxe5 32. Bxe5+ R4xe5 33. Rxe5 Qxe5 34. Rf1 Qe2+ 35. Kg1 Bxf3 36. Qc3+ Kg8 37. Qc4+ Kg7 38. Qc3+ Kh6 0-1